Map: Goldenaura LE

Players

ThugWizard - Winner!

  • Race: Terran Terran
  • League: Diamond
  • Spawn Location: 5:00

QuantumNoobs

  • Race: Zerg Zerg
  • Spawn Location: 12:00

VOD

Have the link to the VOD?

Description

Time

  • Played on: March 13, 2024, 6:56 p.m.
  • Length: 10:02
Show
View Real Time Build Order
Export as new Build Order

ThugWizard Terran - Winner!

Build Orders: 2 Factory, Command Center First 

Get SALT Encoding   

  12  0:01  SCV  
  13  0:13  SCV  
  14  0:22  Supply Depot  
  14  0:25  SCV  
  15  0:44  SCV  
  16  0:56  SCV  
  17  1:03  Command Center  
  17  1:08  SCV  
  18  1:16  Barracks  
  18  1:20  SCV  
  19  1:29  Barracks  
  20  1:32  SCV  
  20  1:44  SCV  
  21  1:51  Refinery  
  21  1:52  Refinery  
  21  1:57  SCV  
  22  2:04  Marine  
  23  2:14  SCV  
  23  2:15  Orbital Command  
  24  2:18  Marine  
  24  2:22  Marine  
  26  2:31  Orbital Command  
  26  2:40  Marine  
  26  2:41  SCV  
  28  2:49  Factory  
  28  2:51  Marine  
  29  2:59  Marine  
  29  3:00  SCV  
  29  3:01  SCV  
  32  3:10  Factory  
  32  3:13  Marine  
  32  3:15  SCV x2  
  35  3:24  Barracks Reactor  
  35  3:27  SCV x2, Refinery  
  35  3:32  Barracks Tech Lab, Supply Depot  
  35  3:34  Factory Tech Lab  
  33  3:46  SCV x2  
  35  3:51  Stimpack  
  35  3:54  Supply Depot  
  35  3:56  Marine  
  35  3:58  Factory Tech Lab  
  35  4:00  SCV x2  
  35  4:02  Starport  
  38  4:03  Marine  
  38  4:04  Marine  
  38  4:08  Refinery  
  40  4:13  Marine  
  40  4:15  Siege Tank  
  40  4:17  SCV x2  
  45  4:23  Marine x2  
  48  4:27  Supply Depot  
  48  4:29  SCV  
  49  4:31  Marine  
  49  4:35  Siege Tank  
  53  4:42  SCV  
  54  4:48  Medivac, Marine x2  
  54  4:49  Marine, SCV  
  60  4:54  Supply Depot  
  60  5:00  SCV  
  60  5:02  Siege Tank, Supply Depot  
  60  5:06  Marine x2  
  66  5:07  SCV  
  66  5:10  Siege Tank  
  70  5:15  SCV, Marine  
  72  5:24  Marine  
  72  5:25  Supply Depot  
  72  5:27  Medivac  
  75  5:29  Marine  
  75  5:31  Combat Shield  
  75  5:33  Marine  
  75  5:35  Siege Tank  
  80  5:42  SCV x2  
  82  5:45  Marine  
  82  5:46  Marine  
  84  5:51  Marine  
  84  5:54  Siege Tank, SCV x2  
  90  5:57  Medivac  
  90  6:03  Marine  
  93  6:06  SCV  
  94  6:23  Command Center  
  94  6:24  SCV x2  
  94  6:25  Supply Depot x2  
  96  6:26  Marine  
  96  6:27  Marine x2  
  96  6:31  Siege Tank  
  102  6:46  Medivac, Marine  
  105  6:47  Marine x2  
  105  7:04  Marine  
  105  7:05  Marine x2  
  101  7:22  Marine x2  
  102  7:23  Siege Tank x2  
  102  7:25  Barracks  
  102  7:27  Barracks x2, Engineering Bay x2  
  102  7:28  Armory  
  109  7:30  Supply Depot x2  
  109  7:31  Barracks  
  100  7:54  Marine  
  100  7:55  Marine x2  
  103  8:04  Terran Infantry Weapons Level 1, Terran Infantry Armor Level 1  
  103  8:12  Marine x3  
  104  8:13  SCV  
  104  8:14  SCV  
  104  8:17  Bunker  
  96  8:30  Marine x7  
  96  8:32  Planetary Fortress  
  103  8:48  Marine x7  
  105  8:49  Bunker  
  105  8:50  Bunker  
  105  8:54  Command Center  
  109  9:28  Marine x7  
Show
View Real Time Build Order
Export as new Build Order

QuantumNoobs Zerg 

Build Orders: Hatch First 

Get SALT Encoding   

  12  0:00  Drone  
  13  0:12  Overlord  
  13  0:18  Drone  
  14  0:31  Drone x2  
  16  0:49  Hatchery  
  15  0:53  Drone  
  15  0:56  Drone  
  17  1:01  Drone  
  18  1:11  Extractor  
  17  1:17  Spawning Pool  
  16  1:20  Drone  
  16  1:24  Drone  
  18  1:28  Drone  
  19  1:38  Overlord  
  19  2:05  Zergling x6  
  19  2:06  Queen  
  19  2:07  Queen  
  26  2:11  Zergling x2  
  26  2:15  Metabolic Boost  
  27  2:23  Drone x2  
  27  2:29  Drone  
  30  2:32  Drone  
  30  2:33  Overlord  
  31  2:48  Queen x2  
  31  2:49  Drone  
  36  3:06  Zergling x10  
  41  3:22  Drone x3  
  41  3:25  Overlord  
  44  3:33  Hatchery  
  41  3:39  Drone x2  
  43  3:42  Overlord x2  
  43  3:44  Spore Crawler  
  43  3:45  Spore Crawler  
  40  4:05  Drone x4  
  40  4:06  Drone, Extractor  
  40  4:07  Drone x2  
  46  4:21  Overlord x3  
  46  4:23  Drone x3  
  49  4:25  Drone  
  49  4:27  Drone  
  51  4:33  Baneling Nest  
  50  4:56  Drone x3  
  50  4:59  Extractor  
  52  5:03  Drone x2, Hatchery, Spine Crawler  
  52  5:04  Drone  
  53  5:10  Evolution Chamber  
  53  5:12  Evolution Chamber  
  51  5:16  Zergling x2  
  51  5:17  Zergling x10  
  51  5:19  Drone x2  
  59  5:30  Roach Warren  
  59  5:33  Lair  
  58  5:35  Baneling  
  58  5:36  Baneling x5  
  58  5:38  Baneling  
  58  5:40  Drone x2  
  60  5:55  Baneling x4  
  60  5:56  Zergling x14  
  66  6:11  Zerg Missile Weapons Level 1  
  66  6:14  Drone x4  
  66  6:15  Drone  
  71  6:22  Drone x5  
  76  6:26  Roach x2, Overlord  
  80  6:39  Zergling x2  
  81  6:40  Zergling x4  
  81  6:41  Roach x2, Overlord  
  86  6:59  Baneling Nest  
  85  7:14  Drone x8  
  85  7:15  Roach x9  
  111  7:19  Spine Crawler  
  111  7:21  Spine Crawler  
  109  7:23  Spine Crawler  
  109  7:24  Drone  
  109  7:25  Drone, Spine Crawler  
  109  7:26  Drone  
  109  7:28  Drone  
  111  7:30  Drone, Spine Crawler  
  111  7:32  Extractor x2  
  111  7:34  Glial Reconstitution  
  109  7:40  Baneling Nest  
  108  7:55  Roach  
  108  7:56  Zergling x2  
  108  7:57  Overlord x3  
  111  8:15  Overlord x5  
  101  8:24  Zergling x4, Roach x8  
  82  8:28  Zergling x2  
  82  8:29  Zergling x2  
  82  8:30  Centrifugal Hooks  
  86  8:34  Roach x3  
  90  8:43  Roach x2  
  90  8:45  Zergling x2  
  90  8:46  Zergling x2  
  96  8:50  Queen  
  98  8:59  Roach x4  
  106  9:07  Zergling x2  
  106  9:08  Zergling x12  
  98  9:14  Ravager  
  98  9:15  Ravager x4  
  103  9:17  Roach x3  
  92  9:34  Zergling x14  
  92  9:37  Baneling  
  84  9:39  Baneling x6  
  84  9:43  Roach x5  
  86  9:46  Ravager  
Tags
 
Add a new tag
Caveats
  • Supply blocks, unpowered buildings, or Contaminate may cause inaccurate times.
  • Supply counts are checked every 10 seconds.